 Dungeon Crawl Stone Soup version 0.27-a0-1200-g94dc6ad4cf (webtiles) character file.

Game seed: 7275140447312806340

26913 bilbop the Covert (level 13, -3/93 HPs)
             Began as a Djinni Venom Mage on May 30, 2021.
             Was an Elder of Yredelemnul.
             Slain by a cane toad (17 damage)
             ... on level 5 of the Lair of Beasts.
             The game lasted 01:42:58 (20960 turns).

bilbop the Covert (Djinni Venom Mage)              Turns: 20960, Time: 01:42:59

Health: -3/93      AC:  8    Str:  9    XL:     13   Next: 61%
Gold:   2414       EV: 11    Int: 24    God:    Yredelemnul [****..] SH: 16 Dex: 16

rFire    + + .     SeeInvis .   a - +3 dagger (elec)
rCold    x . .     Faith    .   A - +0 kite shield
rNeg     . . .     Spirit   .   v - +1 leather armour {Will+}
rPois    ∞         Reflect  +   z - +1 hat
rElec    .         Harm     .   r - +0 cloak
rCorr    .         Rampage  .   o - +0 pair of gloves
Will     ++...                  (boots unavailable)
Stlth    +++++.....             i - amulet of reflection
HPRegen  0.25/turn              s - +6 ring of intelligence
MPRegen  0.00/turn              F - ring of wizardry

@: about to teleport, flying, studying 2 skills
A: sickness immunity, fire resistance 2, cold vulnerability 1, float, innate
caster, hp casting, extra vitality 1
a: Renounce Religion, Recall Undead Slaves, Injury Mirror, Animate Dead, Drain
Life


You were on level 5 of the Lair of Beasts.
You worshipped Yredelemnul.
Yredelemnul was greatly pleased with you.
You visited 3 branches of the dungeon, and saw 17 of its levels.
You also visited: Bailey and Gauntlet.

You collected 2414 gold pieces.

Inventory:

Hand Weapons
 a - a +3 dagger of electrocution (weapon)
 b - a +0 rapier of venom
 c - a +2 dagger of venom
 w - a +3 dagger
Missiles
 B - 5 boomerangs of dispersal
 C - 2 curare-tipped darts
 M - 5 atropa-tipped darts
Armour
 e - a +0 robe of resistance
 o - a +0 pair of gloves (worn)
 r - a +0 cloak (worn)
 v - a +1 leather armour of willpower (worn)
 x - a +0 troll leather armour
 y - the +2 robe of the Dropbear {rElec rN+ Int-3}
   (You found it on level 6 of the Dungeon)

   It affects your intelligence (-3).
   It insulates you from electricity.
   It protects you from negative energy.
 z - a +1 hat (worn)
 A - a +0 kite shield (worn)
 P - a +2 robe of positive energy
Jewellery
 i - an amulet of reflection (around neck)
 n - an amulet of faith
 s - a +6 ring of intelligence (left hand)
 F - a ring of wizardry (right hand)
 J - a ring of resist corrosion
 K - a +6 ring of intelligence
Wands
 p - a wand of iceblast (18)
 E - a wand of digging (4)
 I - a wand of mindburst (13)
 Q - a wand of flame (14)
 V - a wand of paralysis (9)
Scrolls
 d - a scroll of magic mapping
 h - 3 scrolls of fog
 k - 7 scrolls of teleportation
 u - a scroll of brand weapon
 D - 2 scrolls of summoning
 L - 5 scrolls of enchant weapon
 O - 3 scrolls of identify
Potions
 f - a potion of mutation
 g - 2 potions of invisibility
 j - 3 potions of might
 l - 3 potions of haste
 m - 3 potions of cancellation
 q - 2 potions of berserk rage
 t - 2 potions of lignification
 H - 2 potions of resistance
 N - 5 potions of curing {unknown}
 R - a potion of attraction {unknown}
 S - 2 potions of heal wounds {unknown}
 U - a potion of ambrosia {unknown}


   Skills:
 + Level 8.4 Fighting
 + Level 7.7 Short Blades
 + Level 7.9 Armour
 - Level 2.1 Dodging
 + Level 11.0 Stealth
 + Level 9.1 Shields
 * Level 7.1 Spellcasting
 + Level 7.5 Invocations


You couldn't memorise any spells.
You knew the following spells:

 Your Spells              Type           Power      Damage    Failure   Level
a - Sting                 Tmut/Pois      100%       1d8       1%          1
b - Poisonous Vapours     Pois/Air       84%        N/A       1%          2
c - Mephitic Cloud        Conj/Pois/Air  42%        N/A       1%          3
d - Ignite Poison         Fire/Tmut/Pois 42%        N/A       1%          3
e - Olgreb's Toxic Radia  Pois           42%        N/A       4%          4
f - Animate Skeleton      Necr           84%        N/A       1%          1
g - Ensorcelled Hibernat  Hex/Ice        84%        N/A       1%          2
h - Summon Guardian Gole  Hex/Summ       42%        N/A       1%          3
i - Fulminant Prism       Conj/Hex       21%        3d13      4%          4
j - Lee's Rapid Deconstr  Erth           21%        3d13*     12%         5
k - Summon Mana Viper     Hex/Summ       42%        N/A       12%         5
Your spell library was empty.

Dungeon Overview and Level Annotations

Branches:
Dungeon (11/15)            Temple (1/1) D:4            Lair (5/6) D:11
    Orc (0/2) D:10         Bailey (visited)         Gauntlet (visited)
  Swamp: Lair:2-4    Shoals: Lair:2-4     Snake: Lair:2-4    Spider: Lair:2-4
  Slime: Lair:5-6

Altars:
Ashenzari
Cheibriados
Dithmenos
Elyvilon
Fedhas
Gozag
Hepliaklqana
Kikubaaqudgha
Makhleb
Nemelex Xobeh
Okawaru
Qazlal
Ru
Sif Muna
Trog
Uskayaw
Vehumet
Wu Jian
Xom
Yredelemnul
Zin
The Shining One

Shops:
D:10 (

Annotations:
D:2 1 runed translucent door, Crazy Yiuf
D:9 2 transporters, Belboz's ghost, novice TrHu
Lair:1 2 runed translucent doors, rjrrt's ghost, journeyman DsBe
Lair:4 Rupert


Innate Abilities, Weirdness & Mutations

You are immune to sickness and miasma.
You are immune to poison.
Your flesh is very heat resistant. (rF++)
You are vulnerable to cold. (rC-)
You float through the air rather than walking.
You learn spells naturally, not from books.
Your magical power is your life essence.
You have superior vitality. (+4 HP)


Message History

Casting: Ensorcelled Hibernation (safe; 1% risk of failure)
Confirm with . or Enter, or press ? or * to list all spells.
Aiming: Ensorcelled Hibernation (safe; 1% risk of failure)
Press: ? - help, Shift-Dir - straight line, f - blink frog, p - boulder beetle
Aim: a blink frog (chance to affect: 50%)
The blink frog resists with some effort.
The blink frog blinks!
Your wolf zombie bites the boulder beetle.
Casting: Ensorcelled Hibernation (safe; 1% risk of failure)
Confirm with . or Enter, or press ? or * to list all spells.
Aiming: Ensorcelled Hibernation (safe; 1% risk of failure)
Press: ? - help, Shift-Dir - straight line, f/p - blink frog
Aim: a blink frog (chance to affect: 50%)
The blink frog resists with some effort.
* * * LOW HITPOINT WARNING * * *
The blink frog hits you!
* * * LOW HITPOINT WARNING * * *
The blink frog blinks!
The boulder beetle bites your wolf zombie!!
Your wolf zombie is destroyed!
Your cane toad zombie hits the boulder beetle.
As you read the scroll of teleportation, it crumbles to dust.
You feel strangely unstable.
The boulder beetle bites your cane toad zombie!
Your cane toad zombie hits the boulder beetle.
Okay, then.
You miss the blink frog.
The boulder beetle leaps!
A blink frog comes into view.
The blink frog blinks!
You hit the blink frog.
Lightning courses through the blink frog!!
The blink frog is heavily wounded.
The blink frog blinks! x2; The blink frog barely misses you.
You closely miss the blink frog.
The blink frog is heavily wounded.
You block the blink frog's attack.
The boulder beetle curls into a ball and begins rolling!
The cane toad stings you!
You die...
Your body rises from the dead as a mindless zombie.

.... #F.. ...#..
#... ...... ...
#...... #..
##.....F. #..
######.P...P.F
#..###@#.##........
#...FF.F.F.........
#...........<......F
#P..................
##..B..Z..°.........
#..........F§......
#..................
#......P##.#.......
....#...####P.....P


You could see a boulder beetle (rolling, ally target), a cane toad, 4 blink
frogs and a friendly cane toad zombie.

Vanquished Creatures
  A hydra (Lair:3)
  Erica (D:11)
  Nergalle (D:11)
  A lindwurm (Lair:4)
  An ugly thing (D:11)
  An ice statue (Lair:3)
  4 cane toads
  2 rime drakes (Lair:2)
  A kobold demonologist (D:7)
  A komodo dragon (D:11)
  A troll (D:10)
  2 hornets
  4 polar bears
  4 dream sheep (Lair:4)
  9 blink frogs
  2 shadows
  31 yaks
  A wraith (D:9)
  Eustachio (D:4)
  A basilisk (Lair:4)
  5 wyverns
  A steam dragon (D:8)
  Menkaure (D:7)
  3 water moccasins
  Duvessa (D:7)
  An ice beast (Lair:3)
  14 orc warriors
  A black bear (D:4)
  A sky beast (D:6)
  11 centaurs
  An ogre (D:6)
  9 wolves
  3 kobold brigands
  Blork the orc (D:4)
  4 bullfrogs
  A gnoll sergeant (D:6)
  2 scorpions
  Dowan (D:7)
  A water moccasin zombie (D:6)
  13 killer bees
  2 electric eels (D:7)
  5 howler monkeys
  A vampire bat (Lair:2)
  4 centaur zombies
  A jelly (D:6)
  A hound (D:6)
  A gnoll shaman (D:9)
  6 orc priests
  2 centaur skeletons
  Ijyb (D:3)
  Natasha (thrice) (D:4)
  An iguana (D:5)
  4 orc wizards
  A mummy (D:4)
  5 adders
  12 gnolls
  A shadow imp (D:6)
  A white imp (Lair:3)
  An adder skeleton (D:4)
  3 worms
  3 dart slugs
  33 orcs
  7 ball pythons
  A basilisk zombie (Lair:4)
  2 endoplasms
  2 giant cockroaches
  7 goblins
  11 hobgoblins
  16 jackals
  2 quokkas
  9 bats
  21 kobolds
  2 rats
317 creatures vanquished.

Vanquished Creatures (collateral kills)
  A hydra (Lair:2)
  A black mamba (Lair:3)
  5 cane toads
  An ice devil (Lair:3)
  2 polar bears (Lair:3)
  A meliai zombie (D:10)
  5 blink frogs
  A wyvern (D:9)
  10 yaks
  2 water moccasins (Lair:3)
  4 ice beasts (Lair:3)
  A black bear (Lair:3)
  An orc warrior (Bailey)
  An ogre (D:7)
  A bullfrog (Lair:1)
  A vampire bat (Lair:2)
  An electric eel (D:7)
  2 centaur zombies
  An orc wizard (D:10)
  A howler monkey zombie (D:8)
  A white imp (Lair:3)
  A blink frog zombie (Lair:3)
  6 orcs
  3 bats (Lair:2)
54 creatures vanquished.

Vanquished Creatures (others)
  5 flying skulls
  2 wraiths
  A wight (Lair:3)
  A hydra zombie (Lair:3)
  A cane toad zombie (Lair:4)
  A bullfrog zombie (Lair:3)
  2 centaur zombies (Bailey)
  A wyvern zombie (D:8)
  A blink frog zombie (Lair:3)
  A yak zombie (Lair:2)
  2 centaur skeletons
  A howler monkey zombie (D:8)
  2 orc skeletons (Bailey)
  5 orc zombies (Bailey)
  3 wolf zombies (Lair:5)
  A fulminant prism (Lair:3)
  37 fungi
  92 plants
159 creatures vanquished.

Grand Total: 530 creatures vanquished

Notes
Turn   | Place    | Note
-------+----------+-------------------------------------------
     0 | D:1      | bilbop the Djinni Venom Mage began the quest for the Orb.
     0 | D:1      | Reached XP level 1. HP: 15/15 MP: 0/0
   185 | D:1      | Reached XP level 2. HP: 22/22 MP: 0/0
   401 | D:1      | Reached skill level 2 in Stealth
   631 | D:1      | Reached XP level 3. HP: 24/26 MP: 0/0
   631 | D:1      | Learned a level 1 spell: Animate Skeleton
   831 | D:1      | Reached skill level 1 in Fighting
   833 | D:1      | Reached skill level 1 in Short Blades
  1624 | D:2      | Reached XP level 4. HP: 26/32 MP: 0/0
  2251 | D:2      | Found a faded altar of an unknown god.
  2689 | D:2      | Found a runed translucent door.
  2690 | D:2      | Noticed Crazy Yiuf
  2864 | D:3      | Noticed Ijyb
  2884 | D:3      | Killed Ijyb
  2885 | D:3      | Reached skill level 3 in Stealth
  2885 | D:3      | Reached XP level 5. HP: 34/38 MP: 0/0
  2885 | D:3      | Learned a level 2 spell: Ensorcelled Hibernation
  3236 | D:3      | Found a hazy altar of Hepliaklqana.
  3312 | D:3      | Found a white marble altar of Elyvilon.
  3476 | D:4      | Noticed Natasha
  3487 | D:4      | Killed Natasha
  3493 | D:4      | Noticed Natasha
  3507 | D:4      | Killed Natasha
  3557 | D:4      | Noticed a black bear
  3563 | D:4      | Killed a black bear
  3564 | D:4      | Reached XP level 6. HP: 19/44 MP: 0/0
  4177 | D:4      | Noticed Blork the orc
  4182 | D:4      | Killed Blork the orc
  4183 | D:4      | Reached skill level 4 in Stealth
  4183 | D:4      | Reached XP level 7. HP: 38/49 MP: 0/0
  4183 | D:4      | Learned a level 3 spell: Summon Guardian Golem
  4246 | D:4      | Noticed Natasha
  4253 | D:4      | Killed Natasha
  4510 | D:4      | Found a staircase to the Ecumenical Temple.
  4520 | Temple   | Entered the Ecumenical Temple
  4628 | Temple   | Became a worshipper of Yredelemnul the Dark
  4696 | D:4      | Noticed Eustachio
  4704 | D:4      | Killed Eustachio
  4978 | D:4      | Reached XP level 8. HP: 49/56 MP: 0/0
  5410 | D:5      | Entered Level 5 of the Dungeon
  5443 | D:5      | Reached skill level 5 in Stealth
  5566 | D:5      | You are sucked into a shaft and drop 2 floors!
  5610 | D:7      | Reached skill level 1 in Invocations
  6136 | D:6      | Identified the +2 robe of the Dropbear {rElec rN+ Int-3}
  6468 | D:6      | Reached skill level 6 in Stealth
  6468 | D:6      | Reached XP level 9. HP: 56/62 MP: 0/0
  6468 | D:6      | Learned a level 4 spell: Fulminant Prism
  7630 | D:7      | Reached * piety under Yredelemnul
  7648 | D:7      | Noticed a kobold demonologist
  7658 | D:7      | Killed a kobold demonologist
  7659 | D:7      | Reached skill level 1 in Shields
  8332 | D:7      | Reached skill level 5 in Fighting
  8607 | D:7      | Reached skill level 7 in Stealth
  8614 | D:7      | Noticed Duvessa
  8614 | D:7      | Noticed Dowan
  8617 | D:7      | Killed Duvessa
  8622 | D:7      | Killed Dowan
  8656 | D:7      | Reached XP level 10. HP: 41/70 MP: 0/0
  8887 | D:7      | Noticed Menkaure
  8889 | D:7      | Killed Menkaure
  9566 | D:8      | Reached skill level 5 in Short Blades
  9566 | D:8      | Reached skill level 5 in Spellcasting
  9572 | D:8      | Reached ** piety under Yredelemnul
 10286 | D:9      | Found a flagged portal.
 10298 | Bailey   | Entered a bailey
 10302 | Bailey   | Reached skill level 8 in Stealth
 10928 | Bailey   | Reached *** piety under Yredelemnul
 10937 | Bailey   | Reached XP level 11. HP: 37/76 MP: 0/0
 10937 | Bailey   | Learned a level 5 spell: Lee's Rapid Deconstruction
 10948 | Bailey   | Reached skill level 5 in Invocations
 11580 | D:9      | Found a burning altar of Makhleb.
 11872 | D:9      | Found a transporter.
 11873 | D:9      | Noticed Belboz's ghost (novice TrHu)
 11875 | D:9      | Identified the +7 dire flail of Bile {freeze, *Slow Str+5
                  | Dex+2}
 11875 | D:9      | Noticed a two-headed ogre
 11875 | D:9      | Noticed a two-headed ogre
 11875 | D:9      | Noticed a two-headed ogre
 11971 | D:9      | Found a transporter.
 11976 | D:9      | Reached skill level 1 in Armour
 12113 | D:9      | Found a sacrificial altar of Ru.
 12114 | D:9      | Found a glowing silver altar of Zin.
 12146 | D:9      | Reached skill level 5 in Shields
 12146 | D:9      | Received a gift from Yredelemnul (5 flying skulls)
 13043 | D:10     | Entered Level 10 of the Dungeon
 13203 | D:10     | Reached skill level 9 in Stealth
 13206 | D:10     | Found a staircase to the Orcish Mines.
 13228 | D:10     | Found Bihaneqe's Weapon Emporium.
 13966 | D:11     | Noticed Erica
 13973 | D:11     | Killed Erica
 14203 | D:11     | Noticed Nergalle
 14211 | D:11     | Killed Nergalle
 14423 | D:11     | Reached XP level 12. HP: 85/85 MP: 0/0
 14693 | D:11     | Reached **** piety under Yredelemnul
 14693 | D:11     | Received a gift from Yredelemnul (a wight)
 14925 | D:11     | Found a staircase to the Lair.
 15259 | Lair:1   | Entered Level 1 of the Lair of Beasts
 15308 | Lair:1   | Reached skill level 5 in Armour
 15602 | Lair:1   | Found a gate leading to a gauntlet.
 15617 | Gauntlet | Entered a Gauntlet
 15617 | Gauntlet | Found a transporter.
 15617 | Gauntlet | Found a transporter.
 15652 | Gauntlet | Noticed a catoblepas
 15699 | Gauntlet | Found a transporter.
 15717 | Gauntlet | Found a transporter.
 15737 | Gauntlet | Noticed a catoblepas
 15739 | Gauntlet | Found a transporter.
 15753 | Gauntlet | Found a transporter.
 15775 | Gauntlet | Found a transporter.
 15865 | Gauntlet | Found a transporter.
 15884 | Gauntlet | Found a transporter.
 15910 | Gauntlet | Found a transporter.
 15961 | Gauntlet | Found a transporter.
 15961 | Gauntlet | Found a transporter.
 15969 | Gauntlet | Noticed a tengu warrior
 15974 | Gauntlet | Found a transporter.
 15974 | Gauntlet | Found a transporter.
 15980 | Gauntlet | Noticed a death yak
 15984 | Gauntlet | Noticed a death yak
 15985 | Gauntlet | Noticed a death yak
 15988 | Gauntlet | Found a transporter.
 15990 | Gauntlet | Found a transporter.
 16239 | Lair:1   | Reached skill level 10 in Stealth
 16382 | Lair:1   | Found a large runed translucent door.
 16387 | Lair:1   | Found a large runed translucent door.
 16389 | Lair:1   | Noticed rjrrt's ghost (journeyman DsBe)
 16534 | Lair:1   | Received a gift from Yredelemnul (a wraith)
 17378 | Lair:2   | Noticed a six-headed hydra
 17384 | Lair:2   | Killed a six-headed hydra
 17836 | Lair:2   | Reached XP level 13. HP: 83/92 MP: 0/0
 17836 | Lair:2   | Learned a level 5 spell: Summon Mana Viper
 19113 | Lair:3   | Noticed a seven-headed hydra
 19123 | Lair:3   | Killed a seven-headed hydra
 20447 | Lair:4   | Identified a scroll of acquirement
 20448 | Lair:4   | Acquired 1163 gold pieces
 20465 | Lair:4   | Reached skill level 11 in Stealth
 20882 | Lair:4   | Noticed Rupert
 20893 | Lair:4   | Paralysed by Rupert for 7 turns
 20903 | Lair:4   | Received a gift from Yredelemnul (a wraith)
 20944 | Lair:5   | Noticed a boulder beetle
 20960 | Lair:5   | Slain by a cane toad

Illustrated notes

Levels and vault maps discovered:
D:1:      lemuel_arrival_funnel, layout_basic
D:2:      layout_rooms, hellmonk_ecumenical_altar_pennies_from_heaven,
          uniq_crazy_yiuf_cottage
D:3:      layout_rooms, marbit_many_paths, nzn_hepliaklqana_mist_gate,
          minmay_box_of_dots, uniq_ijyb
D:4:      layout_cave_pools, minmay_temple_entry_glassed_door,
          gup_ossuary_entry_pyramid, lightli_corner_chamber, uniq_blork_the_orc,
          uniq_eustachio, uniq_natasha
D:5:      layout_basic
D:6:      layout_layer_cave, kennysheep_crisscross, minmay_misc_feat_rugged
D:7:      layout_gridville, nicolae_vehumet_radiance, serial_bayou_lagoon_a,
          minmay_crystal_room, hangedman_decor_diamond_cutter, uniq_menkaure,
          uniq_duvessa
D:8:      layout_cave_pools
D:9:      layout_stronghold, bloody_makhleb, gammafunk_temple_overflow_statue,
          gammafunk_ghost_smash, enter_bailey_3
D:10:     layout_rooms, orc_david_3
D:11:     layout_loops_ring, lair_entry_dummy, uniq_erica, uniq_nergalle
Temple:   lightli_temple_of_artemis
Lair:1:   layout_hall_layers, gauntlet_entry_generic,
          ebering_ghost_disaster_area, st_stairs_3
Lair:2:   layout_long_grid, roderic_batcave
Lair:3:   layout_small_grid, ice2_lemuel
Lair:4:   layout_regular_city, swamp_mist, nicolae_spider_entry_non_spiders,
          grunt_megastairs_2, serial_bayou_shore_a, uniq_rupert, uniq_sonja
Lair:5:   layout_regular_city, nicolae_slime_entry_slimehenge,
          roderic_carrion_pond

Skill      XL: |  1  2  3  4  5  6  7  8  9 10 11 12 13 |
---------------+----------------------------------------+-----
Stealth        | 2 3 4 6 7 8 9 10 11 | 11.0
Fighting       | 1 2 3 4 5 6 7 8 |  8.4
Short Blades   | 1 2 3 4 5 6 7 |  7.7
Spellcasting   | 3 4 5 6 7 |  7.1
Invocations    | 2 3 4 5 6 7 |  7.5
Shields        | 2 4 6 8 9 |  9.1
Armour         | 4 6 7 |  7.9
Dodging        | |  2.1

Action                   |  1- 3 |  4- 6 |  7- 9 | 10-12 | 13-15 || total
-------------------------+-------+-------+-------+-------+-------++-------
Melee: Dagger            |    86 |    70 |    68 |   159 |    54 ||   437
       Unarmed           |     1 |       |       |       |       ||     1
 Cast: Sting             |    12 |    10 |    12 |     2 |     1 ||    37
       Poisonous Vapours |       |    21 |    42 |    34 |    15 ||   112
       Ignite Poison     |       |     7 |    25 |    53 |    22 ||   107
       Mephitic Cloud    |       |     2 |     2 |     1 |     4 ||     9
       Animate Skeleton  |       |     1 |       |       |       ||     1
       Olgreb's Toxic Ra |       |       |     4 |    22 |     6 ||    32
       Ensorcelled Hiber |       |       |     3 |     3 |     5 ||    11
       Summon Guardian G |       |       |     1 |     2 |     1 ||     4
       Lee's Rapid Decon |       |       |       |     1 |     5 ||     6
       Fulminant Prism   |       |       |       |       |     1 ||     1
Invok: Animate Remains   |       |       |     8 |    20 |       ||    28
       Animate Dead      |       |       |       |    26 |     9 ||    35
       Recall Undead Sla |       |       |       |       |     1 ||     1
  Use: Scroll            |       |       |     8 |    15 |     5 ||    28
 Stab: Sleeping          |     5 |     8 |    11 |    20 |     3 ||    47
       Distracted        |       |       |       |     1 |     1 ||     2
       Confused          |       |       |       |       |     1 ||     1
Armor: Robe              |    22 |    15 |     1 |       |       ||    38
       Leather armour    |       |       |    26 |    37 |    13 ||    76
Dodge: Dodged            |    57 |    44 |    54 |    88 |    13 ||   256
Block: Other             |       |    20 |    14 |    38 |       ||    72
       Reflection        |       |     1 |     1 |       |       ||     2
       Kite shield       |       |       |       |    14 |    50 ||    64

Table legend: (Time is in decaauts)
 A = Elapsed time spent in this place.
 B = Non-inter-level travel time spent in this place.
 C = Inter-level travel time spent in this place.
 D = Time resting spent in this place.
 E = Time spent auto-exploring this place.
 F = Levels seen in this place.
 G = Mean time per level.
                   A        B        C        D        E       F      G
               +--------+--------+--------+--------+--------+-----+--------+
         Total |  20894 |  20061 |    833 |   7152 |   9929 |  19 | 1099.7 |
       Dungeon |  13923 |  13217 |    706 |   4344 |   7407 |  11 | 1265.7 |
        Temple |    119 |    102 |     17 |      0 |    100 |   1 |  119.0 |
          Lair |   5087 |   4977 |    110 |   2082 |   2363 |   5 | 1017.4 |
        Bailey |   1168 |   1168 |      0 |    651 |     59 |   1 | 1168.0 |
      Gauntlet |    594 |    594 |      0 |     75 |      0 |   1 |  594.0 |
               +--------+--------+--------+--------+--------+-----+--------+

Top non-repeatable levels by time:
     D:6: 1960 daAuts
  Lair:3: 1809 daAuts
     D:9: 1721 daAuts
     D:7: 1550 daAuts
     D:1: 1441 daAuts
  Lair:1: 1422 daAuts
    D:11: 1354 daAuts
  Lair:2: 1327 daAuts
     D:3: 1326 daAuts
     D:2: 1289 daAuts
     D:4: 1239 daAuts
  Bailey: 1168 daAuts
     D:8: 1046 daAuts
    D:10: 842 daAuts
Gauntlet: 594 daAuts
